 Dungeon Crawl Stone Soup version 0.31.0-9-g3a7656b989 (webtiles) character file.

Game seed: 6774801668897089268

528 qw the Skirmisher (level 7, -6/36 HPs)
             Began as a Deep Elf Hunter on Feb 2, 2024.
             Mangled by an ogre
             ... wielding a +0 giant club
              (7 damage)
             ... on level 4 of the Dungeon.
             The game lasted 00:00:12 (2924 turns).

qw the Skirmisher (Deep Elf Hunter)                 Turns: 2924, Time: 00:00:13

Health: -6/36      AC:  6    Str: 10    XL:     7   Next: 3%
Magic:  9/9        EV: 11    Int: 14    God:
Gold:   200        SH:  0    Dex: 18    Spells: 6/6 levels left

rFire   . . .        a - +0 shortbow
rCold   . . .        (shield currently unavailable)
rNeg    . . .        i - +0 ring mail
rPois   +            (no helmet)
rElec   .            (no cloak)
rCorr   .            (no gloves)
SInv    .            d - +0 pair of boots
Will    .....        (no amulet)
Stlth   +            (no ring)
HPRegen 0.26/turn    (no ring)
MPRegen 0.11/turn

%: no passive effects
@: about to teleport
A: frail 1, poison resistance, MP-powered wands
a: no special abilities


You were on level 4 of the Dungeon.
You visited 1 branch of the dungeon, and saw 4 of its levels.
You also visited: Sewer.

You collected 200 gold pieces.


Innate Abilities, Weirdness & Mutations

You are frail. (-10% HP)
Your system is resistant to poisons. (rPois)
You expend magic power (3 MP) to strengthen your wands.


   Skills:
 - Level 2.0 Fighting
 + Level 10.5 Ranged Weapons
 - Level 1.0 Armour
 - Level 3.0 Dodging
 - Level 1.2 Stealth


You had 6 spell levels left.
You didn't know any spells.
Your spell library was empty.

Inventory:

Hand Weapons
 a - a +0 shortbow (weapon)
Armour
 d - a +0 pair of boots (worn)
 i - a +0 ring mail (worn)
Jewellery
 c - a ring of fire
Wands
 e - a wand of charming (5)
Potions
 b - 2 potions of enlightenment
 f - a potion of cancellation
 h - a potion of curing
 k - 3 potions of heal wounds

Dungeon Overview and Level Annotations

Branches:
Dungeon (4/15)              Sewer (visited)
 Temple: D:4-7

Altars:

Annotations:
D:4 1 runed translucent door, qw's ghost, amateur DgHu


Message History

The ogre is almost dead.
Enter note:
Enter note:
2915 ||| RETREEEEATING.
Found 22 gold pieces.
The kobold attacks as it pursues you! The kobold closely misses you.
Enter note:
Enter note:
2916 ||| RETREEEEATING.
The kobold throws a poisoned dart.
The poisoned dart hits you!
You are poisoned.
Enter note:
Enter note:
2917 ||| RETREEEEATING.
You feel sick.
The kobold throws a poisoned dart.
The poisoned dart hits you!
Enter note:
Enter note:
2918 ||| RETREEEEATING.
You feel sick.
The kobold throws a poisoned dart.
The poisoned dart misses you.
You shoot an arrow. The arrow hits the kobold.
The kobold is severely wounded.
You feel sick.
You shoot an arrow. The arrow hits the kobold!
You kill the kobold!
You feel sick.
You shoot an arrow.
The arrow hits the ogre but does no damage.
The ogre is almost dead.
You feel sick.
You shoot an arrow. The arrow barely misses the ogre.
You feel sick.
You are no longer poisoned.
You shoot an arrow. The arrow closely misses the ogre.
The arrow hits the scorpion.
The scorpion is lightly wounded.
The ogre hits you with a +0 giant club!
2924 ||| READING scroll of teleportation.
As you read the scroll of teleportation, it crumbles to dust.
You feel strangely unstable. The ogre hits you with a +0 giant club!
You die...

#........##.....# #...
#........##.....#########...
#...............).%.........
#........##.....#########...
#...............##.###......
#.........########.....##...
#.........+WSS~$~#.....##...
#.........##########....####
#####.##)sO@....###..##...>.
#....s###.#......##.####
##.#### ........##.#### #s.#
#.............. #...#
#...........#.. #.#.#
#......?......# ....#
#......###..### #....#
#...........### ......
..#..######....


You could see an ogre, 2 scorpions, qw's ghost and an adder.

Vanquished Creatures
  Sigmund (D:2)
  A kobold brigand (Sewer)
  A scorpion (D:3)
  A hound (D:4)
  Terence (D:2)
  An iguana (D:3)
  2 river rats (Sewer)
  4 adders
  3 gnolls (D:3)
  2 dart slugs
  3 ribbon worms
  3 orcs (D:3)
  9 bats
  4 endoplasms (D:2)
  A giant cockroach (D:2)
  7 goblins
  6 hobgoblins
  7 kobolds
  8 quokkas
  6 ball pythons
  A frilled lizard (D:2)
  6 rats
78 creatures vanquished.

Notes
Turn   | Place    | Note
-------+----------+-------------------------------------------
     0 | D:1      | qw the Deep Elf Hunter began the quest for the Orb.
     0 | D:1      | Reached XP level 1. HP: 12/12 MP: 3/3
     0 | D:1      | 0 ||| qw: Version: 0.3-a-155-g5e7d8dd
     0 | D:1      | 0 ||| qw: Game counter: 751
     0 | D:1      | 0 ||| qw: Melee chars always use a shield: true
     0 | D:1      | 0 ||| qw: God list: Okawaru
     0 | D:1      | 0 ||| qw: Allow faded altars: false
     0 | D:1      | 0 ||| qw: Do Orc after clearing Dungeon:15 true
     0 | D:1      | 0 ||| qw: Do second Lair branch before Depths: true
     0 | D:1      | 0 ||| qw: Lair rune preference: random
     0 | D:1      | 0 ||| qw: Goals: Normal
     0 | D:1      | 0 ||| PLANNING D:1-11
    64 | D:1      | 64 ||| READING scroll labelled TILIEW RIGUIJI.
   428 | D:1      | Reached XP level 2. HP: 16/16 MP: 4/4
   575 | D:1      | 575 ||| READING scroll labelled AXUPHE MEHOESM.
   676 | D:1      | 676 ||| READING scroll labelled JYXEXU WIER.
   677 | D:1      | 677 ||| DROPPING scroll of butterflies.
   699 | D:2      | Reached skill level 6 in Ranged Weapons
   718 | D:2      | Noticed Terence
   727 | D:2      | HP: 1/16 [Terence/+0 trident (6)]
   729 | D:2      | Killed Terence
   730 | D:2      | Reached XP level 3. HP: 2/20 MP: 5/5
   857 | D:2      | Reached skill level 7 in Ranged Weapons
   944 | D:2      | Noticed Sigmund
   955 | D:2      | 955 ||| DRINKING 2 bubbling golden potions.
   956 | D:2      | 956 ||| DRINKING ruby potion.
   957 | D:2      | 957 ||| DRINKING inky potion.
   958 | D:2      | 958 ||| DRINKING clear potion.
   958 | D:2      | Gained mutation: You are frail. (-10% HP) [potion of
                  | mutation]
   958 | D:2      | Gained mutation: Your system is resistant to poisons.
                  | (rPois) [potion of mutation]
   958 | D:2      | Gained mutation: You expend magic power (3 MP) to
                  | strengthen your wands. [potion of mutation]
   959 | D:2      | 959 ||| DRINKING fuming ruby potion.
   965 | D:2      | Killed Sigmund
   966 | D:2      | Reached skill level 9 in Ranged Weapons
   966 | D:2      | Reached XP level 4. HP: 22/22 MP: 6/6
   966 | D:2      | Reached XP level 5. HP: 26/26 MP: 7/7
  1374 | D:2      | 1374 ||| UPGRADING to +0 scale mail.
  1384 | D:2      | 1384 ||| DROPPING +0 leather armour.
  1385 | D:2      | 1385 ||| READING scroll labelled QOEMUZ YSSY.
  1386 | D:2      | 1386 ||| READING 2 scrolls labelled WORIKY ROOXOKK.
  1386 | D:2      | 1386 ||| IDENTIFYING green potion
  1387 | D:2      | 1387 ||| READING scroll of identify.
  1387 | D:2      | 1387 ||| IDENTIFYING sedimented puce potion
  1388 | D:2      | 1388 ||| DROPPING potion of degeneration.
  1389 | D:2      | 1389 ||| DROPPING potion of invisibility.
  1688 | D:3      | Reached XP level 6. HP: 13/31 MP: 8/8
  1952 | D:3      | Reached skill level 1 in Armour
  2013 | D:3      | HP: 5/31 [gnoll/+0 halberd (5)]
  2014 | D:3      | 2014 ||| READING scroll of teleportation.
  2015 | D:3      | HP: 1/31 [gnoll/+0 halberd (5)]
  2278 | D:3      | 2278 ||| UPGRADING to +0 ring mail.
  2288 | D:3      | 2288 ||| DROPPING +0 scale mail.
  2289 | D:3      | 2289 ||| READING 2 scrolls of identify.
  2289 | D:3      | 2289 ||| IDENTIFYING bubbling clear potion
  2290 | D:3      | 2290 ||| READING scroll of identify.
  2290 | D:3      | 2290 ||| IDENTIFYING red potion
  2291 | D:3      | 2291 ||| DROPPING potion of attraction.
  2307 | D:4      | 2307 ||| PLANNING SEWER
  2312 | D:4      | 2312 ||| STAIRDANCE
  2424 | D:4      | Found a glowing drain.
  2469 | Sewer    | Entered a sewer
  2626 | Sewer    | Reached skill level 10 in Ranged Weapons
  2725 | Sewer    | Found a glowing silver altar of Zin.
  2767 | D:4      | 2767 ||| PLANNING D:1-11
  2789 | D:4      | Reached skill level 3 in Dodging
  2834 | D:4      | Reached XP level 7. HP: 36/36 MP: 9/9
  2879 | D:4      | Found a runed translucent door.
  2889 | D:4      | Noticed qw's ghost (amateur DgHu)
  2890 | D:4      | 2890 ||| UPGRADING to +0 pair of boots.
  2912 | D:4      | 2912 ||| RETREEEEATING.
  2913 | D:4      | 2913 ||| RETREEEEATING.
  2915 | D:4      | 2915 ||| RETREEEEATING.
  2916 | D:4      | 2916 ||| RETREEEEATING.
  2917 | D:4      | 2917 ||| RETREEEEATING.
  2918 | D:4      | 2918 ||| RETREEEEATING.
  2923 | D:4      | HP: 1/36 [ogre/+0 giant club (13)]
  2924 | D:4      | 2924 ||| READING scroll of teleportation.
  2924 | D:4      | Mangled by an ogre

Levels and vault maps discovered:
D:1:      lemuel_arrival_lava_pool, layout_basic,
          nicolae_concentric_dashed_squares_wild, nicolae_titane
D:2:      layout_basic, minmay_cupped, uniq_sigmund, uniq_terence
D:3:      layout_loops_cross
D:4:      layout_rooms, ebering_ghost_sewer_d, gup_sewer_entry_pipe,
          minmay_hedge_maze, uniq_natasha

Skill      XL: |  1  2  3  4  5  6 |
---------------+-------------------+-----
Ranged Weapons | 6 9 10 | 10.5
Fighting       | 2 |  2.0
Armour         | 1 |  1.0
Dodging        | 3 |  3.0
Stealth        | |  1.2

Action                     |  1- 3 |  4- 6 |  7- 9 || total
---------------------------+-------+-------+-------++-------
   Fire: Shortbow          |    68 |   205 |    29 ||   302
    Use: Scroll            |     3 |     6 |     1 ||    10
         Potion            |     5 |       |       ||     5
 Armour: Leather armour    |    10 |     3 |       ||    13
         Skin              |    13 |       |       ||    13
         Scale mail        |       |    36 |       ||    36
         Ring mail         |       |    49 |     8 ||    57
  Dodge: Dodged            |    12 |    58 |     9 ||    79

Table legend:
 A = Non-vault XP
 B = Vault XP
 C = Vault XP percentage of total XP
 D = Non-vault monster count
 E = Vault monster count
 F = Vault count percentage of total count
                 A         B        C        D         E       F
            +---------+---------+-------+---------+---------+-------
      Total |     351 |     404 |  53.5 |      62 |      16 |  20.5
            +---------+---------+-------+---------+---------+-------
        D:1 |      12 |       0 |   0.0 |       8 |       0 |   0.0
        D:2 |      58 |     259 |  81.7 |      25 |       2 |   7.4
        D:3 |     215 |       0 |   0.0 |      20 |       0 |   0.0
        D:4 |      66 |      14 |  17.5 |       9 |       7 |  43.8
      Sewer |       0 |     131 | 100.0 |       0 |       7 | 100.0
            +---------+---------+-------+---------+---------+-------
